 Dungeon Crawl Stone Soup version 0.30-a0-313-gae38170b09 (webtiles) character file.

Game seed: 5650040160628622617

16 timneilson the Shield-Bearer (level 2, -3/19 HPs)
             Began as a Gargoyle Fighter on Oct 26, 2022.
             Slain by a gnoll
             ... wielding a +0 whip
              (5 damage)
             ... on level 2 of the Dungeon.
             The game lasted 00:01:15 (840 turns).

timneilson the Shield-Bearer (Gargoyle Fighter)      Turns: 840, Time: 00:01:15

Health: -3/19      AC:  9    Str: 19    XL:     2   Next: 58%
Magic:  2/2        EV:  9    Int:  8    God:
Gold:   22         SH:  4    Dex:  9    Spells: 1/1 levels left

rFire   . . .      SeeInvis .    a - +0 long sword
rCold   . . .      Faith    .    c - +0 buckler
rNeg    + . .      Spirit   .    b - +0 scale mail
rPois   ∞          Reflect  .    (no helmet)
rElec   +          Harm     .    (no cloak)
rCorr   .          Rampage  .    (no gloves)
Will    .....                    (no boots)
Stlth   ..........               (no amulet)
HPRegen 0.23/turn                (no ring)
MPRegen 0.08/turn                (no ring)

@: no status effects
A: sickness immunity, AC +2, negative energy resistance 1, electricity
resistance, torment resistance 1, petrification resistance
a: no special abilities


You were on level 2 of the Dungeon.
You visited 1 branch of the dungeon, and saw 2 of its levels.

You collected 22 gold pieces.

Inventory:

Hand Weapons
 a - a +0 long sword (weapon)
Armour
 b - a +0 scale mail (worn)
 c - a +0 buckler (worn)
Scrolls
 f - 4 scrolls of magic mapping {unknown}
 g - a scroll of identify
Potions
 d - a potion of might
 e - 2 potions of mutation
 h - a potion of degeneration {unknown}


   Skills:
 + Level 3.3 Fighting
 * Level 2.0 Long Blades
 * Level 3.5 Armour
 + Level 0.2 Dodging
 * Level 3.6 Shields


You had one spell level left.
You didn't know any spells.
Your spell library was empty.

Dungeon Overview and Level Annotations

Branches:
Dungeon (2/15)

Altars:
Wu Jian


Innate Abilities, Weirdness & Mutations

You are immune to sickness and miasma.
Your stone body is resilient. (AC +2)
You are immune to poison.
You resist negative energy. (rN+)
You are resistant to electric shocks. (rElec)
You are resistant to unholy torment.
You are immune to petrification.


Message History

You open the door. 4 gnolls come into view.
The gnoll shouts! x4
The gnoll closely misses you.
Found 17 gold pieces.
Found a stone staircase leading down.
There is an open door here.
There is an open door here.
The gnoll barely misses you.
There is an open door here.
You barely miss the gnoll. The gnoll barely misses you.
You hit the gnoll.
The gnoll is moderately wounded.
The gnoll hits you but does no damage. The gnoll barely misses you.
You barely miss the gnoll.
The gnoll is moderately wounded.
The gnoll hits you but does no damage.
You slash the gnoll!
The gnoll is almost dead.
You hit the gnoll.
The gnoll is lightly wounded.
You block the gnoll's attack. The gnoll barely misses you. x2
You hit the gnoll but do no damage.
The gnoll is lightly wounded.
The gnoll hits you but does no damage. You block the gnoll's attack.
You closely miss the gnoll.
The gnoll is lightly wounded.
You block the gnoll's attack. The gnoll closely misses you.
You hit the gnoll but do no damage.
The gnoll is lightly wounded.
The gnoll hits you with a +0 whip. The gnoll completely misses you.
The gnoll hits you from afar with a +0 spear.
The gnoll closely misses you.
You slash the gnoll!
The gnoll is severely wounded.
The gnoll hits you but does no damage.
The gnoll hits you from afar with a +0 spear.
The gnoll attacks as you move away! The gnoll hits you with a +0 whip.
* * * LOW HITPOINT WARNING * * *
The gnoll attacks as you move away! The gnoll hits you with a +0 whip.
You die...

##+### ##.## .## ###....#
##...## .$.##
#......###.....#.....# ##
##........'..g.g'..>..+ ..
#...._....#.....#.....# ..
+.........##...###...### ##..
#.........###.##.##.##.##
##...
#........g.###...###...###....
##.....###ggg@....'.....'..<..
##...## #####...###...###...#
##'## ##.## ##.## ##..#
#.###### #'## #+# #...#
#......# #..# #.####...#
##.####.# ##.# #........#
##...###.# #.# ######.#..
#.....##.######.# #.##.
##..............# #.###


You could see 4 gnolls.

Vanquished Creatures
  A dart slug (D:2)
  2 endoplasms (D:1)
  A giant cockroach (D:1)
  A goblin (D:1)
  A hobgoblin (D:1)
  2 quokkas (D:1)
  2 ball pythons
  A frilled lizard (D:1)
  2 rats (D:1)
13 creatures vanquished.

Notes
Turn   | Place    | Note
-------+----------+-------------------------------------------
     0 | D:1      | timneilson the Gargoyle Fighter began the quest for the
                  | Orb.
     0 | D:1      | Reached XP level 1. HP: 14/14 MP: 1/1
   267 | D:1      | Reached XP level 2. HP: 18/19 MP: 2/2
   757 | D:2      | Found an ornate altar of the Wu Jian Council.
   840 | D:2      | Slain by a gnoll

Illustrated notes

Levels and vault maps discovered:
D:1:      grunt_arrival_lava_bath, layout_loops_ring, hex_tiny
D:2:      layout_loops_corners, basic_altar, nicolae_hexahallways,
          kennysheep_jessica_study

Skill      XL: |  1  2 |
---------------+-------+-----
Long Blades    | 2 |  2.0
Fighting       | |  3.3
Armour         | |  3.5
Dodging        | |  0.2
Shields        | |  3.6

Action                   || total
-------------------------++-------
Melee: Long sword        ||    57
  Use: Scroll            ||     2
Armor: Scale mail        ||    21
Dodge: Dodged            ||    36
Block: Buckler           ||     9

Table legend: (Time is in decaauts)
 A = Elapsed time spent in this place.
 B = Non-inter-level travel time spent in this place.
 C = Inter-level travel time spent in this place.
 D = Time resting spent in this place.
 E = Time spent auto-exploring this place.
 F = Levels seen in this place.
 G = Mean time per level.
                   A        B        C        D        E       F      G
               +--------+--------+--------+--------+--------+-----+--------+
         Total |    859 |    834 |     25 |      0 |    685 |   2 |  429.5 |
       Dungeon |    859 |    834 |     25 |      0 |    685 |   2 |  429.5 |
               +--------+--------+--------+--------+--------+-----+--------+

Top non-repeatable levels by time:
     D:1: 666 daAuts
     D:2: 193 daAuts
